 Dungeon Crawl Stone Soup version 0.28-a0-723-g095bd1b44f (webtiles) character file.

Game seed: 13806377739918008023

431 porpoise the Magician (level 6, 0/32 HPs)
             Began as a Deep Elf Conjurer on Oct 26, 2021.
             Was an Initiate of Sif Muna.
             Slain by a meliai zombie (3 damage)
             ... on level 5 of the Dungeon.
             The game lasted 00:15:48 (5653 turns).

porpoise the Magician (Deep Elf Conjurer)           Turns: 5653, Time: 00:15:50

Health: 0/32       AC:  6    Str:  5    XL:     6   Next: 66%
Magic:  7/18       EV: 12    Int: 24    God:    Sif Muna [......]
Gold:   170        SH:  0    Dex: 13    Spells: 8/19 levels left

rFire   . . .      SeeInvis .   b - +0 hunting sling
rCold   . . .      Faith    .   (no shield)
rNeg    . . .      Spirit   .   x - +0 robe
rPois   .          Reflect  .   (no helmet)
rElec   .          Harm     .   (no cloak)
rCorr   .          Rampage  .   (no gloves)
Will    .....                   (no boots)
Stlth   ++........              (no amulet)
HPRegen 0.10/turn               t - +4 ring of protection
MPRegen 0.16/turn               (no ring)

@: no status effects
A: no striking features
a: Renounce Religion


You were on level 5 of the Dungeon.
You worshipped Sif Muna.
Sif Muna was noncommittal.
You visited 1 branch of the dungeon, and saw 5 of its levels.

You collected 226 gold pieces.
You spent 56 gold pieces at shops.

Inventory:

Hand Weapons
 a - a +2 dagger of draining
 b - a +0 hunting sling (weapon)
Missiles
 e - 124 stones (quivered ammo)
 n - 2 silver javelins
 B - 10 poisoned darts
 C - 22 sling bullets
Armour
 w - a +0 buckler
 x - a +0 robe (worn)
Jewellery
 t - a +4 ring of protection (left hand)
 u - a ring of protection from cold
Wands
 q - a wand of flame (12)
 y - a wand of digging (5)
Scrolls
 d - a scroll of noise
 f - 2 scrolls of blinking
 g - a scroll of fear {unknown}
 h - 2 scrolls of teleportation
 i - a scroll of enchant armour {unknown}
 k - 5 scrolls of immolation
 l - a scroll of enchant weapon {unknown}
 s - a scroll of amnesia
 v - a scroll of fog {unknown}
 z - a scroll of silence {unknown}
Potions
 c - a potion of flight {unknown}
 j - a potion of curing {unknown}
 m - a potion of lignification {unknown}
 o - a potion of might {unknown}
 p - a potion of invisibility {unknown}
 r - a potion of attraction {unknown}
 A - a potion of haste {unknown}


   Skills:
 - Level 2.4 Dodging
 - Level 2.4 Stealth
 - Level 7.0 Spellcasting
 - Level 5.9 Conjurations
 + Level 4.3 Hexes
 + Level 0.0 Translocations


You had 8 spell levels left.
You knew the following spells:

 Your Spells              Type           Power      Damage    Failure   Level
a - Magic Dart            Conj           100%       1d8       1%          1
b - Searing Ray           Conj           72%        2d7       1%          2
c - Fulminant Prism       Conj/Hex       16%        3d11      9%          4
d - Iskenderun's Mystic   Conj/Tloc      22%        2d6       22%         4

Your spell library contained the following spells:

 Spells                   Type           Power      Damage    Failure   Level
 Dazzling Flash           Conj/Hex       66%        N/A       2%          3


Dungeon Overview and Level Annotations

Branches:
Dungeon (5/15)
 Temple: D:4-7

Altars:
Cheibriados
Qazlal
Sif Muna
Trog
Xom
Zin
The Shining One

Shops:
D:4 **

Annotations:
D:3 dig
D:5 2 runed translucent doors


Message History

The meliai zombie completely misses you.
The meliai zombie hits you. The meliai zombie barely misses you.
The meliai zombie closely misses you.
The searing ray hits the meliai zombie!
The meliai zombie is heavily damaged.
You finish channelling your searing ray.
The meliai zombie hits you. x2; The meliai zombie closely misses you.
The meliai zombie barely misses you.
Casting: Searing Ray (safe; 1% risk of failure)
Confirm with . or Enter, or press ? or * to list all spells.
The spell is extremely dangerous to cast (22% risk of failure)!
Continue anyway?
Okay, then.
Casting: Iskenderun's Mystic Blast (extremely dangerous; 22% risk of failure)
Confirm with . or Enter, or press ? or * to list all spells.
Aiming: Searing Ray (safe; 1% risk of failure)
Press: ? - help, Shift-Dir - straight line, f/p - meliai zombie
Aim: a meliai zombie (heavily damaged, 83% to hit)
The searing ray hits the meliai zombie!
The meliai zombie is severely damaged. (Press . to maintain the ray.)
The meliai zombie hits you. x2
The searing ray hits the meliai zombie!
The meliai zombie is almost destroyed.
The meliai zombie hits you. x2; The meliai zombie misses you.
The meliai zombie closely misses you.
The searing ray misses the meliai zombie.
The meliai zombie completely misses you.
The meliai zombie hits you.
* * * LOW HITPOINT WARNING * * *
The meliai zombie hits you.
* * * LOW HITPOINT WARNING * * *
The meliai zombie misses you.
The searing ray hits the meliai zombie!
The meliai zombie is almost destroyed.
You finish channelling your searing ray.
The meliai zombie hits you but does no damage.
The meliai zombie misses you.
The meliai zombie hits you but does no damage.
The meliai zombie hits you.
You die...

...##..##
........#.
##...#.....
.....#....
#.........
.....>...
#........
#####@.†....#
#...#Z##.....
##.....# ...
#..#...# .
#..#..##
##...## #
#....# #..
#..#†### ....
##.#...##.....


You could see a meliai zombie.

Vanquished Creatures
  An ogre (D:4)
  A howler monkey (D:5)
  2 hounds
  Terence (D:3)
  3 iguanas
  6 adders
  A worm (D:2)
  6 dart slugs
  An orc (D:4)
  8 endoplasms
  3 giant cockroaches
  8 goblins
  11 hobgoblins
  6 quokkas
  4 ball pythons
  7 bats
  A frilled lizard (D:2)
  6 kobolds
  3 rats
79 creatures vanquished.

Vanquished Creatures (others)
  A fulminant prism (D:4)
1 creature vanquished.

Grand Total: 80 creatures vanquished

Notes
Turn   | Place    | Note
-------+----------+-------------------------------------------
     0 | D:1      | porpoise the Deep Elf Conjurer began the quest for the Orb.
     0 | D:1      | Reached XP level 1. HP: 10/10 MP: 6/6
   314 | D:1      | Reached XP level 2. HP: 15/15 MP: 1/8
   377 | D:1      | Learned a level 2 spell: Searing Ray
  1458 | D:2      | Reached skill level 4 in Spellcasting
  1458 | D:2      | Reached skill level 5 in Conjurations
  1458 | D:2      | Reached XP level 3. HP: 19/19 MP: 3/10
  1632 | D:2      | Found a faded altar of an unknown god.
  1822 | D:2      | Reached XP level 4. HP: 23/24 MP: 7/12
  2492 | D:2      | Reached skill level 5 in Spellcasting
  2999 | D:3      | Noticed Terence
  3005 | D:3      | Killed Terence
  3203 | D:3      | Found a snail-covered altar of Cheibriados.
  3216 | D:3      | Reached XP level 5. HP: 28/28 MP: 11/14
  3269 | D:3      | Found a bloodstained altar of Trog.
  3408 | D:3      | Found a stormy altar of Qazlal.
  3486 | D:3      | Found a glowing silver altar of Zin.
  3961 | D:4      | Learned a level 4 spell: Fulminant Prism
  3966 | D:4      | Learned a level 4 spell: Iskenderun's Mystic Blast
  4098 | D:4      | Found a shimmering blue altar of Sif Muna.
  4244 | D:4      | Found a shimmering altar of Xom.
  4257 | D:4      | Became a worshipper of Sif Muna the Loreminder
  4367 | D:4      | Reached skill level 1 in Hexes
  4444 | D:4      | Reached skill level 6 in Spellcasting
  4589 | D:4      | Noticed an ogre
  4594 | D:4      | Killed an ogre
  4595 | D:4      | Reached XP level 6. HP: 32/32 MP: 9/17
  4905 | D:4      | Found Wet Ygim's Gadget Gallery.
  5198 | D:4      | Found Gaingy's Assorted Antiques.
  5207 | D:4      | Bought a scroll labelled PYLAME MUGEV for 28 gold pieces
  5207 | D:4      | Bought a scroll labelled PYLAME MUGEV for 28 gold pieces
  5271 | D:4      | Found a glowing golden altar of the Shining One.
  5386 | D:5      | Entered Level 5 of the Dungeon
  5388 | D:5      | Found a runed translucent gate.
  5389 | D:5      | Found a runed translucent gate.
  5389 | D:5      | Noticed a troll
  5609 | D:5      | Reached skill level 7 in Spellcasting
  5653 | D:5      | Slain by a meliai zombie

Illustrated notes

Levels and vault maps discovered:
D:1:      psy_arrival_spokes, layout_loops_ring, hex_large
D:2:      minmay_alternating_diamond, layout_basic,
          chequers_ecumenical_altar_island, st_stairs_1
D:3:      layout_loops_corners, zin_scriptorium, grunt_qazlal_clouds,
          mainiacjoe_overflow_brackets,
          mainiacjoe_overflow_concentric_impassable, patterned_corridor,
          uniq_terence
D:4:      layout_loops_ring, mainiacjoe_overflow_alcove_4,
          amethyst_overflow_temple_binary, serial_shops, nicolae_lakefront_shop,
          kennysheep_crisscross, nicolae_shop_gadgets
D:5:      layout_cave_pools, grunt_dithmenos_smoke_and_mirrors,
          nicolae_ru_the_path_less_chosen, gammafunk_ghost_split

Skill      XL: |  1  2  3  4  5  6 |
---------------+-------------------+-----
Spellcasting   | 4 5 6 7 |  7.0
Conjurations   | 5 |  5.9
Hexes          | 3 4 |  4.3
Dodging        | |  2.4
Stealth        | |  2.4

Action                   |  1- 3 |  4- 6 || total
-------------------------+-------+-------++-------
Melee: Dagger            |     1 |       ||     1
 Fire: Hunting sling     |       |     7 ||     7
 Cast: Magic Dart        |    35 |    57 ||    92
       Searing Ray       |    11 |    19 ||    30
       Fulminant Prism   |       |     1 ||     1
Evoke: Wand              |       |     1 ||     1
  Use: Scroll            |     1 |     4 ||     5
Armor: Robe              |     2 |     6 ||     8
Dodge: Dodged            |     7 |    19 ||    26

Table legend: (Time is in decaauts)
 A = Elapsed time spent in this place.
 B = Non-inter-level travel time spent in this place.
 C = Inter-level travel time spent in this place.
 D = Time resting spent in this place.
 E = Time spent auto-exploring this place.
 F = Levels seen in this place.
 G = Mean time per level.
                   A        B        C        D        E       F      G
               +--------+--------+--------+--------+--------+-----+--------+
         Total |   5656 |   5344 |    312 |   2026 |   2859 |   5 | 1131.2 |
       Dungeon |   5656 |   5344 |    312 |   2026 |   2859 |   5 | 1131.2 |
               +--------+--------+--------+--------+--------+-----+--------+

Top non-repeatable levels by time:
     D:2: 1416 daAuts
     D:3: 1374 daAuts
     D:4: 1300 daAuts
     D:1: 1298 daAuts
     D:5: 266 daAuts
